 Dungeon Crawl Stone Soup version 0.25-a0-589-g1e14c549ee (webtiles) character file.

Game seed: 1079304784428276381, levelgen mode: deterministic

245 Kohma the Insei (level 6, 0/42 HPs)
             Began as an Octopode Transmuter on Mar 9, 2020.
             Slain by a phantom (3 damage)
             ... on level 4 of the Dungeon.
             The game lasted 00:08:22 (3056 turns).

Kohma the Insei (Octopode Transmuter)               Turns: 3056, Time: 00:08:23

Health: 0/42       AC:  1    Str:  9    XL:     6   Next: 10%
Magic:  5/9        EV: 14    Int: 18    God:
Gold:   123        SH:  0    Dex: 12    Spells: 3/9 levels left

rFire    . . .     SeeInvis .     - Unarmed
rCold    . . .     Gourm    .   (no shield)
rNeg     . . .     Faith    .   (helmet restricted)
rPois    +         Spirit   .   (no amulet)
rElec    .         Reflect  .   i - ring of poison resistance
rCorr    .         Harm     .   (no ring)
MR       .....                  (no ring)
Stlth    ++........             (no ring)
HPRegen  0.14/turn              (no ring)
MPRegen  0.11/turn              (no ring)
                                (no ring)
                                (no ring)

@: appendage (expiring)
A: almost no armour, stealthy swim, amphibious, 8 rings, constrict 8, tentacle
spike 3, camouflage 1, gelatinous body 1
a: End Transformation


You were on level 4 of the Dungeon.
You were very hungry.
One of your tentacles had a temporary spike.
You visited 1 branch of the dungeon, and saw 4 of its levels.

You collected 123 gold pieces.

Inventory:

Missiles
 a - 85 arrows
 j - 16 poisoned darts (quivered)
 l - 3 boomerangs of dispersal
Jewellery
 i - a ring of poison resistance (left tentacle)
Wands
 k - a wand of random effects (19)
 p - a wand of iceblast (7)
Scrolls
 b - a scroll of fear
 f - a scroll of teleportation {unknown}
 g - 3 scrolls of enchant weapon
 h - a scroll of enchant armour
 o - a scroll of immolation {unknown}
Potions
 e - 4 potions of heal wounds
 m - a potion of lignification {unknown}
 n - 4 potions of curing
Comestibles
 c - 6 rations
 d - 3 chunks of flesh


   Skills:
 - Level 3.0 Fighting
 - Level 3.0 Dodging
 - Level 5.1 Unarmed Combat
 + Level 2.1 Spellcasting
 * Level 2.2 Transmutations
 + Level 0.5 Poison Magic


You had 3 spell levels left.
You knew the following spells:

 Your Spells              Type           Power        Failure   Level  Hunger
a - Beastly Appendage     Tmut           ##....       7%          1    #......
b - Sticks to Snakes      Tmut           ##......     11%         2    ###....
c - Spider Form           Tmut/Pois      #.........   30%         3    ###....

Your spell library contained the following spells:

 Spells                   Type           Power        Failure   Level  Hunger
 Ice Form                 Ice/Tmut       #.......     75%         4    #####..
 Blade Hands              Tmut           ##........   89%         5    ######.


Dungeon Overview and Level Annotations

Branches:
Dungeon (4/15)
 Temple: D:4-7

Altars:
Cheibriados
Dithmenos
Hepliaklqana
Kikubaaqudgha
Qazlal
Trog
Wu Jian

Portals:
Ossuary: D:4


Innate Abilities, Weirdness & Mutations

You cannot wear most types of armour.
You are very stealthy in the water. (Stealth+)
You are amphibious.
You can wear up to eight rings at the same time.
You can use your tentacles to constrict eight enemies at once.
Your skin changes colour to match your surroundings (Stealth+).
Your rubbery body absorbs attacks. (AC +1, EV +1)
One of your tentacles bears a large vicious spike.


Message History

You completely miss the phantom.
Your tentacle spike misses the phantom.
You squeeze the phantom, but do no damage.
The phantom is almost destroyed.
The phantom hits you but does no damage.
You tentacle-slap the phantom but do no damage.
You pierce the phantom.
The phantom is almost destroyed.
Your transformation is almost over.
You closely miss the phantom.
You squeeze the phantom, but do no damage.
The phantom is almost destroyed.
The phantom blinks!
Things that are here:
2 chunks of flesh; a jackal skeleton The phantom hits you!
* * * LOW HITPOINT WARNING * * *
You closely miss the phantom.
The phantom is almost destroyed.
The phantom hits you.
You die...

,,,,,*,,* *,,,..##*******,,,,,,
,,,,,,,*******##...,,,,* *******
,,,,,,,,,,,** #..#****,*** *
,,,,,****#).###.######...***** *
,,,,,* ##............#,,,,,****
,,,,,#####....###.####..,,,,,,,,,
*,***#.§.#.####......#*********,,
*,****,#.....##......# ***
*,,**,,,#...†##W@%∩..#
**,*,*,*,#...........############
*,,,§_§§§...###...............>.
***,#§#§#...# ##################
**,§§#§.### **,#..#* *...#* ####*


You could see a phantom.

Vanquished Creatures
  A water moccasin skeleton (D:4)
  A bullfrog zombie (D:4)
  An orc wizard (D:3)
  A worker ant (D:4)
  5 adders
  A worm (D:2)
  3 dart slugs (D:1)
  3 leopard geckos (D:2)
  6 orcs
  6 bats
  6 hobgoblins
  11 jackals
  A kobold (D:2)
  A quokka (D:3)
  2 frilled lizards
  4 goblins
  5 rats
58 creatures vanquished.

Notes
Turn   | Place    | Note
-------+----------+-------------------------------------------
     0 | D:1      | Kohma the Octopode Transmuter began the quest for the Orb.
     0 | D:1      | Reached XP level 1. HP: 13/13 MP: 3/3
   201 | D:1      | Reached XP level 2. HP: 8/18 MP: 3/5
   869 | D:2      | Reached XP level 3. HP: 19/24 MP: 4/6
   876 | D:2      | Learned a level 2 spell: Sticks to Snakes
   880 | D:2      | Learned a level 3 spell: Spider Form
  1361 | D:3      | Reached skill level 4 in Unarmed Combat
  1361 | D:3      | Reached XP level 4. HP: 23/29 MP: 5/7
  1415 | D:3      | Found a hazy altar of Hepliaklqana.
  1943 | D:3      | Reached XP level 5. HP: 29/35 MP: 5/8
  2157 | D:3      | Found an ornate altar of the Wu Jian Council.
  2370 | D:3      | Found a stormy altar of Qazlal.
  2372 | D:3      | Found a bloodstained altar of Trog.
  2687 | D:4      | Found an ancient bone altar of Kikubaaqudgha.
  2687 | D:4      | Found a snail-covered altar of Cheibriados.
  2724 | D:4      | Reached skill level 5 in Unarmed Combat
  2930 | D:4      | Reached XP level 6. HP: 38/42 MP: 7/9
  2974 | D:4      | Found a sand-covered staircase.
  2983 | D:4      | Noticed a phantom
  3000 | D:4      | Found a shadowy altar of Dithmenos.
  3056 | D:4      | Slain by a phantom

Levels and vault maps discovered:
D:1:      lemuel_arrival_rhombus, layout_basic, minmay_misc_feat_cross
D:2:      layout_basic, first_ration, minmay_misc_feat_pillars
D:3:      layout_loops_ring, overflow_temple_1_default,
          overflow_temple_1_default, nicolae_overflow_hidden_temple
D:4:      layout_rooms, gammafunk_temple_overflow_pools, enter_ossuary_1,
          grunt_dithmenos_smoke_and_mirrors, uniq_grinder

Skill      XL: |  1  2  3  4  5 |
---------------+----------------+-----
Fighting       | 2 3 |  3.0
Unarmed Combat | 4 5 |  5.1
Dodging        | 3 |  3.0
Spellcasting   | |  2.1
Transmutations | |  2.2
Poison Magic   | |  0.5

Action                   |  1- 3 |  4- 6 || total
-------------------------+-------+-------++-------
Melee: Unarmed           |    51 |   107 ||   158
       Constrict         |    15 |    26 ||    41
       Kick              |    10 |    24 ||    34
       Punch             |     3 |     5 ||     8
       Tentacles         |    10 |    12 ||    22
 Cast: Beastly Appendage |    17 |    19 ||    36
       Sticks to Snakes  |       |     8 ||     8
  Use: Scroll            |       |     6 ||     6
 Stab: Sleeping          |     4 |     1 ||     5
  Eat: Chunk             |     1 |     6 ||     7
Armor: Skin              |     1 |    10 ||    11
Dodge: Dodged            |    40 |    64 ||   104

Table legend:
 A = Non-vault XP
 B = Vault XP
 C = Vault XP percentage of total XP
 D = Non-vault monster count
 E = Vault monster count
 F = Vault count percentage of total count
                 A         B        C        D         E       F
            +---------+---------+-------+---------+---------+-------
      Total |     350 |       0 |   0.0 |      58 |       0 |   0.0
            +---------+---------+-------+---------+---------+-------
        D:1 |      21 |       0 |   0.0 |       9 |       0 |   0.0
        D:2 |      55 |       0 |   0.0 |      16 |       0 |   0.0
        D:3 |     118 |       0 |   0.0 |      25 |       0 |   0.0
        D:4 |     156 |       0 |   0.0 |       8 |       0 |   0.0
            +---------+---------+-------+---------+---------+-------
